Map: Thunderbird LE

Players

Mez - Winner!

  • Race: Terran Terran
  • League: Master
  • Spawn Location: 11:00

Kalysm

  • Race: Protoss Protoss
  • League: Master
  • Spawn Location: 5:00

VOD

Have the link to the VOD?

Description

Time

  • Played on: Sept. 10, 2019, 8:02 a.m.
  • Length: 7:06
Show
View Real Time Build Order
Export as new Build Order

Mez Terran - Winner!

Build Orders: Reaper Expand 

Get SALT Encoding   

  12  0:00  SCV  
  13  0:12  SCV  
  14  0:17  Supply Depot  
  14  0:24  SCV  
  15  0:38  SCV  
  15  0:40  Barracks  
  16  0:44  Refinery  
  16  0:50  SCV  
  17  1:02  SCV  
  18  1:15  SCV  
  19  1:29  Orbital Command, Reaper  
  20  1:40  Command Center  
  20  1:50  Bunker  
  20  1:55  SCV  
  20  2:00  Marine  
  22  2:03  Supply Depot  
  22  2:07  SCV  
  23  2:16  Factory  
  23  2:25  Refinery, SCV  
  23  2:26  Barracks Reactor  
  24  2:37  SCV  
  25  2:49  SCV  
  26  2:52  Orbital Command  
  26  3:02  SCV  
  26  3:03  Starport  
  26  3:04  Widow Mine  
  26  3:05  Marine x2  
  31  3:14  SCV  
  31  3:18  SCV  
  33  3:23  Marine x2  
  33  3:25  Widow Mine  
  33  3:26  SCV  
  38  3:30  SCV  
  38  3:31  Supply Depot  
  39  3:38  SCV  
  39  3:40  Medivac  
  42  3:41  Barracks  
  42  3:42  SCV  
  42  3:44  Marine x2  
  45  3:53  Engineering Bay  
  45  3:54  Factory Tech Lab  
  45  3:56  SCV x2  
  45  4:02  Barracks  
  47  4:05  Marine x2  
  47  4:08  Supply Depot  
  47  4:09  SCV  
  50  4:10  SCV  
  51  4:21  SCV  
  52  4:24  Refinery  
  52  4:25  Terran Infantry Weapons Level 1  
  52  4:26  Starport Tech Lab  
  52  4:31  SCV  
  53  4:32  Supply Depot  
  53  4:33  SCV  
  53  4:35  Supply Depot  
  53  4:37  Marine x2  
  53  4:38  Marauder  
  58  4:39  Stimpack  
  58  4:46  Factory Reactor  
  58  4:48  SCV x2  
  60  4:53  Starport Reactor  
  60  5:00  SCV x2  
  60  5:06  Marauder x2, Marine x2  
  65  5:12  SCV x2  
  65  5:13  Combat Shield  
  65  5:14  Supply Depot  
  67  5:16  Supply Depot  
  67  5:23  Marine x2  
  67  5:24  Widow Mine x2, SCV x2  
  75  5:30  Marauder  
  75  5:35  Medivac x2  
  83  5:36  Marauder  
  83  5:46  Refinery  
  83  5:47  Supply Depot  
  83  5:48  Command Center  
  83  5:50  Supply Depot  
  83  5:53  Marine x2  
  83  5:55  Marauder  
  89  5:57  Marauder  
  89  6:06  SCV x2  
  89  6:07  Medivac  
  89  6:08  Medivac  
  89  6:10  Widow Mine x2  
  99  6:11  Marine x2  
  99  6:18  Supply Depot, SCV x2  
  103  6:19  Supply Depot  
  103  6:27  Marauder x2  
  107  6:37  SCV x2  
Show
View Real Time Build Order
Export as new Build Order

Kalysm Protoss 

Build Orders: 1 Gate Expand, Blink Stalkers 

Get SALT Encoding   

  12  0:00  Probe  
  13  0:13  Probe  
  14  0:21  Pylon  
  14  0:25  Probe  
  15  0:36  Probe  
  15  0:40  Gateway  
  16  0:44  Probe  
  16  0:49  Assimilator  
  17  0:53  Probe  
  18  1:05  Probe  
  19  1:18  Probe  
  20  1:28  Nexus  
  20  1:38  Cybernetics Core  
  20  1:42  Probe  
  20  1:45  Assimilator  
  21  1:54  Probe  
  21  1:55  Pylon  
  22  2:06  Probe, Adept  
  23  2:14  Warp Gate, Probe  
  25  2:22  Probe  
  25  2:29  Twilight Council  
  26  2:32  Probe  
  26  2:33  Adept  
  29  2:41  Probe  
  30  2:45  Probe  
  30  2:50  Probe  
  31  2:57  Probe  
  31  2:58  Probe  
  34  3:07  Probe, Blink  
  34  3:09  Probe  
  34  3:11  Pylon  
  36  3:15  Probe  
  37  3:21  Probe  
  37  3:23  Probe  
  38  3:29  Robotics Facility  
  38  3:33  Probe  
  40  3:34  Probe  
  40  3:39  Assimilator  
  40  3:41  Assimilator  
  41  3:42  Probe  
  41  3:45  Probe  
  43  3:50  Probe  
  43  3:52  Gateway  
  43  3:53  Gateway  
  44  3:57  Probe  
  44  4:01  Probe  
  46  4:04  Stalker  
  46  4:09  Probe  
  49  4:12  Pylon  
  49  4:13  Probe  
  51  4:17  Observer  
  51  4:21  Probe  
  52  4:25  Probe  
  53  4:33  Stalker  
  53  4:34  Pylon, Probe  
  53  4:37  Forge  
  56  4:41  Observer  
  56  4:42  Probe  
  58  4:46  Probe  
  58  4:47  Stalker  
  57  5:12  Stalker x3  
  63  5:14  Probe x2  
  65  5:21  Nexus  
  65  5:25  Pylon  
  65  5:27  Pylon  
  65  5:31  Probe, Robotics Bay  
  65  5:32  Probe  
  67  5:40  Pylon  
  67  5:43  Photon Cannon  
  67  5:44  Shield Battery  
  67  5:46  Probe x2  
  69  5:54  Probe x2  
  69  5:55  Templar Archives  
  69  5:59  Sentry  
  69  6:00  Sentry  
  69  6:02  Probe x2  
  75  6:10  Photon Cannon  
  77  6:14  Photon Cannon, Probe x2  
  79  6:27  Probe  
  79  6:30  Stalker x3  
  79  6:32  Probe  
  65  6:54  Stalker x2  
  65  6:55  Stalker  
Tags
 
Add a new tag
Caveats
  • Supply blocks, unpowered buildings, or Contaminate may cause inaccurate times.
  • Supply counts are checked every 10 seconds.